 Dungeon Sprint DCSS version 0.27-a0-1193-g8631133539 (webtiles) character file.

Game seed: 17125130649802537120

28543 mhtbhm the Sorcerer (level 13, -4/64 HPs)
             Began as a Deep Elf Earth Elementalist on May 25, 2021.
             Was the Champion of Sif Muna.
             Slain by Polyphemus (28 damage)
             ... in the Dungeon (Sprint III: "The Ten Rune Challenge").
             The game lasted 00:14:22 (3561 turns).

mhtbhm the Sorcerer (Deep Elf Earth Elementalist)   Turns: 3561, Time: 00:14:23

Health: -4/64      AC:  3    Str:  6    XL:     13   Next: 10%
Magic:  23/45      EV: 20    Int: 32    God:    Sif Muna [******]
Gold:   1994       SH:  0    Dex: 16    Spells: 21/65 levels left

rFire    + . .     SeeInvis .   (no weapon)
rCold    . . .     Faith    .   (no shield)
rNeg     + + .     Spirit   .   c - +0 robe of Integrity {rN++ Int+5}
rPois    .         Reflect  .   (no helmet)
rElec    .         Harm     .   (no cloak)
rCorr    .         Rampage  .   (no gloves)
Will     +....     NoTele   +   (no boots)
Stlth    +++.......             s - amulet of regeneration
HPRegen  1.20/turn              r - ring of the Octopus King {rF+ AC+1 EV+1 Str+1 Int+1 Dex+1}
MPRegen  0.29/turn              w - +4 ring of evasion

@: no status effects
A: no striking features
a: Renounce Religion, Channel Magic, Forget Spell, Divine Exegesis


You were in the Dungeon.
You worshipped Sif Muna.
Sif Muna was exalted by your worship.
You visited 1 branch You collected 1994 gold pieces.

Inventory:

Missiles
 b - 10 stones
 t - 7 curare-tipped darts (quivered)
Armour
 c - the +0 robe of Integrity (worn) {rN++ Int+5}
   (You took it off a deep elf zephyrmancer in the Dungeon)

   It affects your intelligence (+5).
   It greatly protects you from negative energy.
Jewellery
 r - a ring of the Octopus King (left hand) {rF+ AC+1 EV+1 Str+1 Int+1 Dex+1}
   (You took it off a deep elf annihilator in the Dungeon)

   [ring of protection from fire]

   It affects your AC (+1).
   It affects your evasion (+1).
   It affects your strength (+1).
   It affects your intelligence (+1).
   It affects your dexterity (+1).
   It protects you from fire.
 s - an amulet of regeneration (around neck)
 v - a +4 ring of protection
 w - a +4 ring of evasion (right hand)
Wands
 u - a wand of acid (4)
Scrolls
 i - a scroll of blinking
 j - 2 scrolls of immolation {unknown}
 k - 3 scrolls of identify
 p - 2 scrolls of silence {unknown}
 q - 4 scrolls of amnesia {unknown}
Potions
 a - a potion of attraction {unknown}
 d - 2 potions of curing
 e - a potion of heal wounds
 f - a potion of haste
 g - 2 potions of magic
 h - a potion of berserk rage
 l - a potion of flight
 m - 6 potions of mutation
 n - a potion of might
Miscellaneous
 o - a phial of floods
 x - a condenser vane


   Skills:
 + Level 0.6 Fighting
 + Level 7.1 Dodging
 + Level 6.0 Stealth
 + Level 26.5 Spellcasting
 + Level 5.9 Conjurations
 + Level 3.4 Transmutations
 + Level 23.4 Earth Magic
 + Level 4.7 Invocations
 + Level 2.6 Evocations


You had 21 spell levels left.
You knew the following spells:

 Your Spells              Type           Power      Damage    Failure   Level
a - Sandblast             Erth           100%       2d20      0%          1
b - Passwall              Tmut/Erth      75%        N/A       0%          2
c - Stone Arrow           Conj/Erth      100%       3d13      0%          3
d - Lee's Rapid Deconstr  Erth           56%        3d27*     0%          5
e - Petrify               Tmut/Erth      91%        N/A       1%          4
f - Statue Form           Tmut/Erth      60%        N/A       1%          6
g - Lehudib's Crystal Sp  Conj/Erth      47%        10d11     9%          8
h - Iron Shot             Conj/Erth      47%        9d9       1%          6
i - Shatter               Erth           56%        3d42*     3%          9

Your spell library contained the following spells:

 Spells                   Type           Power      Damage    Failure   Level
 Beastly Appendage        Tmut           100%       N/A       1%          1
 Magic Dart               Conj           100%       1d8       1%          1
 Pain                     Necr           100%       1d9       1%          1
 Shock                    Conj/Air       100%       1d9       1%          1
 Summon Small Mammal      Summ           100%       N/A       1%          1
 Corpse Rot               Necr/Air       N/A        N/A       1%          2
 Poisonous Vapours        Pois/Air       84%        N/A       1%          2
 Searing Ray              Conj           100%       3d7       1%          2
 Slow                     Hex            42%        N/A       1%          2
 Sublimation of Blood     Necr           21%        N/A       1%          2
 Wereblood                Tmut           59%        N/A       1%          2
 Confusing Touch          Hex            42%        N/A       1%          3
 Conjure Flame            Conj/Fire      57%        6-21      1%          3
 Dazzling Flash           Conj/Hex       100%       N/A       1%          3
 Ignite Poison            Fire/Tmut/Pois 49%        N/A       1%          3
 Portal Projectile        Hex/Tloc       84%        N/A       1%          3
 Spider Form              Tmut/Pois      26%        N/A       1%          3
 Summon Guardian Golem    Hex/Summ       42%        N/A       1%          3
 Fulminant Prism          Conj/Hex       28%        3d14      1%          4
 Hailstorm                Conj/Ice       57%        3d12      1%          4
 Iskenderun's Mystic Bla  Conj/Tloc      57%        2d12      1%          4
 Sticky Flame             Conj/Fire      57%        2d7       1%          4
 Bolt of Magma            Conj/Fire/Erth 40%        4d17      1%          5
 Borgnjor's Vile Clutch   Necr/Erth      43%        N/A       1%          5
 Ice Form                 Ice/Tmut       52%        N/A       2%          4
 Irradiate                Conj/Tmut      32%        3d24      2%          5
 Hydra Form               Tmut           29%        N/A       3%          5
 Airstrike                Air            21%        N/A       5%          4
 Cause Fear               Hex            21%        N/A       5%          4
 Summon Ice Beast         Ice/Summ       42%        N/A       5%          4
 Alistair's Intoxication  Tmut/Pois      34%        N/A       8%          5
 Silence                  Hex/Air        21%        N/A       16%         5
 Summon Forest            Summ/Tloc      21%        N/A       16%         5
 Blade Hands              Tmut           29%        N/A       21%         6
 Conjure Ball Lightning   Conj/Air       28%        3x3d8     26%         6
 Freezing Cloud           Conj/Ice/Air   26%        6-21      36%         6
 Eringya's Noxious Bog    Tmut/Pois      26%        N/A       38%         6
 Orb of Destruction       Conj           34%        9d12      38%         7
 Death Channel            Necr           21%        N/A       65%         6
 Invisibility             Hex            42%        N/A       65%         6
 Shadow Creatures         Summ           N/A        N/A       65%         6
 Dragon Form              Tmut           29%        N/A       75%         7
 Haunt                    Necr/Summ      21%        N/A       99%         7
 Summon Hydra             Summ           21%        N/A       99%         7
 Borgnjor's Revivificati  Necr           21%        N/A       100%        8
 Chain Lightning          Conj/Air       28%        N/A       100%        8
 Disjunction              Tloc           21%        N/A       100%        8
 Infestation              Necr           21%        N/A       100%        8
 Necromutation            Tmut/Necr      26%        N/A       100%        8
 Dragon's Call            Summ           21%        N/A       100%        9
 Fire Storm               Conj/Fire      28%        8d7       100%        9


Dungeon Overview and Level Annotations

Branches:
Dungeon (1/1)

Altars:
Cheibriados
Dithmenos
Elyvilon
Fedhas
Gozag
Hepliaklqana
Kikubaaqudgha
Makhleb
Nemelex Xobeh
Okawaru
Qazlal
Ru
Sif Muna
Trog
Uskayaw
Vehumet
Wu Jian
Xom
Yredelemnul
Zin
The Shining One
Beogh
Jiyva
Lugonu

Shops:
D (

Annotations:
D Polyphemus


Message History

Confirm with . or Enter, or press ? or * to list all spells.
Aiming: Lee's Rapid Deconstruction (safe; 0% risk of failure)
Press: ? - help, Dir - move target, f - Polyphemus Fragment what (e.g. wall or brittle monster)?: Polyphemus, quivering large rocks An open door to the Shoals.
The stone door frame shatters!
The blast of rock fragments hits Polyphemus!!
Polyphemus is lightly wounded.
Sif Muna accepts your kill.
You feel a bit more experienced. Sif Muna accepts your kill.
You feel a bit more experienced.
You hear an angry hiss.
You hear a shout!
Polyphemus glares at you with his lone eye.
Polyphemus throws a large rock.
The large rock hits you!
Casting: Lee's Rapid Deconstruction (safe; 0% risk of failure)
Confirm with . or Enter, or press ? or * to list all spells.
Aiming: Lee's Rapid Deconstruction (safe; 0% risk of failure)
Press: ? - help, Dir - move target, f/p - Polyphemus Fragment what (e.g. wall or brittle monster)?: Polyphemus, quivering large rocks (lightly wounded)
An open door to the Shoals.
The stone door frame shatters!
The blast of rock fragments hits Polyphemus!!
Polyphemus is moderately wounded.
A sea snake comes into view.
Unknown command.
Unknown command.
Casting: Lee's Rapid Deconstruction (safe; 0% risk of failure)
Confirm with . or Enter, or press ? or * to list all spells.
Aiming: Lee's Rapid Deconstruction (safe; 0% risk of failure)
Press: ? - help, Dir - move target, p - Polyphemus An open door to the Shoals.
The stone door frame shatters!
The blast of rock fragments hits the sea snake!!!
You kill the sea snake!
Sif Muna accepts your kill.
The blast of rock fragments hits Polyphemus!!!
Polyphemus is heavily wounded.
Polyphemus hits you!! x2
You die...

#≈≈≈§§§.≈.♣♣♣♣♣♣♣#..♣
#≈≈.§≈≈≈≈≈♣ ###+
##+####'#######♣
..........)....♣♣
#+#############'♣
#≈P..†....†..♣
..+≈≈...########♣♣
.J#≈≈≈...÷...†.PP♣
.J#≈≈≈≈P..PP.†C@P♣ #
###########'#### ▓≈≈
▓≈≈C ▓≈≈≈Y ▓≈≈...
▓≈≈≈..≈ ▓≈≈≈≈≈≈≈


You could see Polyphemus.

Vanquished Creatures
  Sigmund (D)
  Rupert (D)
  A deep elf blademaster (D)
  3 deep elf annihilators (D)
  Snorg (D)
  A deep elf death mage (D)
  A deep elf high priest (D)
  A centaur warrior (D)
  An orc high priest (D)
  4 death yaks (D)
  4 deep elf knights (D)
  A sea snake (D)
  3 orc knights (D)
  A deep elf zephyrmancer (D)
  2 deep elf pyromancers (D)
  2 black mambas (D)
  Edmund (D)
  2 cane toads (D)
  A rime drake (D)
  A komodo dragon (D)
  An unseen horror (D)
  A queen bee (D)
  3 wandering mushrooms (D)
  8 blink frogs (D)
  3 dream sheep (D)
  A shadow (D)
  A spatial vortex (D)
  A swamp drake (D)
  2 orc warriors (D)
  A necrophage (D)
  2 centaurs (D)
  An earth elemental (D)
  A scorpion (D)
  A water elemental (D)
  32 killer bees (D)
  2 orc priests (D)
  A jelly (D)
  Jessica (D)
  A wizard (D)
  2 orc wizards (D)
  A necromancer (D)
  3 humans (D)
  A kobold demonologist (D)
  8 orcs (D)
  An endoplasm (D)
  A rat (D)
114 creatures vanquished.

Vanquished Creatures (others)
  A hellion (D)
  A plant (D)
2 creatures vanquished.

Grand Total: 116 creatures vanquished

Notes
Turn   | Place    | Note
-------+----------+-------------------------------------------
     0 | D        | mhtbhm the Deep Elf Earth Elementalist began the quest for
                  | the Orb.
     0 | D        | Reached XP level 1. HP: 10/10 MP: 6/6
    24 | D        | Noticed Jessica
    25 | D        | Killed Jessica
    26 | D        | Reached skill level 4 in Spellcasting
    26 | D        | Reached skill level 5 in Earth Magic
    26 | D        | Reached XP level 2. HP: 15/15 MP: 5/9
    66 | D        | Learned a level 2 spell: Passwall
   105 | D        | Noticed a scorpion
   110 | D        | Killed a scorpion
   111 | D        | Reached skill level 6 in Spellcasting
   111 | D        | Reached XP level 3. HP: 19/19 MP: 5/12
   111 | D        | Reached XP level 4. HP: 24/24 MP: 5/14
   176 | D        | Learned a level 3 spell: Stone Arrow
   195 | D        | Reached skill level 5 in Dodging
   252 | D        | Noticed a water elemental
   259 | D        | Killed a water elemental
   260 | D        | Reached skill level 7 in Spellcasting
   260 | D        | Reached XP level 5. HP: 10/28 MP: 10/17
   309 | D        | Learned a level 5 spell: Lee's Rapid Deconstruction
   314 | D        | Learned a level 4 spell: Petrify
   461 | D        | Found a radiant altar of Vehumet.
   461 | D        | Found a shimmering blue altar of Sif Muna.
   461 | D        | Found an ancient bone altar of Kikubaaqudgha.
   464 | D        | Reached skill level 8 in Spellcasting
   474 | D        | Became a worshipper of Sif Muna the Loreminder
   509 | D        | Found a glowing silver altar of Zin.
   509 | D        | Found a glowing golden altar of the Shining One.
   509 | D        | Found a white marble altar of Elyvilon.
   509 | D        | Noticed a deep elf pyromancer
   511 | D        | Noticed a fire elemental
   511 | D        | Noticed a fire elemental
   511 | D        | Killed a deep elf pyromancer
   512 | D        | Reached skill level 5 in Stealth
   512 | D        | Reached skill level 12 in Spellcasting
   512 | D        | Reached XP level 6. HP: 32/32 MP: 8/23
   512 | D        | Reached XP level 7. HP: 36/36 MP: 8/24
   585 | D        | Found a hide-covered altar of Uskayaw.
   585 | D        | Found an iron altar of Okawaru.
   585 | D        | Found a bloodstained altar of Trog.
   585 | D        | Found an ornate altar of the Wu Jian Council.
   585 | D        | Noticed a human
   585 | D        | Noticed a human
   587 | D        | Killed a human
   588 | D        | Killed a human
   588 | D        | Reached * piety under Sif Muna
   589 | D        | Reached skill level 13 in Spellcasting
   682 | D        | Found a basalt altar of Yredelemnul.
   682 | D        | Found a shadowy altar of Dithmenos.
   682 | D        | Found a sacrificial altar of Ru.
   727 | D        | Reached ** piety under Sif Muna
   727 | D        | Noticed a shadow
   728 | D        | Reached XP level 8. HP: 41/41 MP: 19/27
   732 | D        | Reached skill level 14 in Spellcasting
   842 | D        | Found a blossoming altar of Fedhas.
   842 | D        | Found a stormy altar of Qazlal.
   842 | D        | Found a snail-covered altar of Cheibriados.
   842 | D        | Found a burning altar of Makhleb.
   842 | D        | Found a shimmering altar of Xom.
   843 | D        | Found a hazy altar of Hepliaklqana.
   843 | D        | Found an opulent altar of Gozag.
   843 | D        | Found a sparkling altar of Nemelex Xobeh.
   843 | D        | Found a corrupted altar of Lugonu.
   843 | D        | Found a viscous altar of Jiyva.
   926 | D        | Noticed Snorg
   940 | D        | Killed Snorg
   941 | D        | Reached skill level 16 in Spellcasting
   941 | D        | Reached skill level 1 in Invocations
   941 | D        | Reached XP level 9. HP: 45/45 MP: 9/31
  1055 | D        | Reached *** piety under Sif Muna
  1122 | D        | Noticed a centaur warrior
  1127 | D        | Reached skill level 15 in Earth Magic
  1134 | D        | Killed a centaur warrior
  1135 | D        | Reached skill level 17 in Spellcasting
  1269 | D        | Killed an unseen horror
  1269 | D        | Reached **** piety under Sif Muna
  1356 | D        | Noticed a wandering mushroom
  1360 | D        | Noticed a wandering mushroom
  1363 | D        | Killed a wandering mushroom
  1364 | D        | Reached skill level 18 in Spellcasting
  1365 | D        | Noticed a wandering mushroom
  1370 | D        | Killed a wandering mushroom
  1375 | D        | Killed a wandering mushroom
  1376 | D        | Reached skill level 1 in Conjurations
  1447 | D        | Reached ***** piety under Sif Muna
  1448 | D        | Reached XP level 10. HP: 42/50 MP: 20/34
  1448 | D        | Identified Sif Muna's Grimoire of Evil Transmutation (Sif
                  | Muna gifted it to you in the Dungeon)
  1448 | D        | Received a gift from Sif Muna
  1450 | D        | Reached skill level 19 in Spellcasting
  1452 | D        | Identified Sif Muna's Volume of Bewitching Transmigration
                  | (Sif Muna gifted it to you in the Dungeon)
  1452 | D        | Received a gift from Sif Muna
  1458 | D        | Identified Inkaxopp's Grimoire of Beguiling and Blows and
                  | Bruises (Sif Muna gifted it to you in the Dungeon)
  1458 | D        | Received a gift from Sif Muna
  1715 | D        | Learned a level 6 spell: Statue Form
  1743 | D        | Identified Sif Muna's Guide on Ashen Enchantment (Sif Muna
                  | gifted it to you in the Dungeon)
  1743 | D        | Received a gift from Sif Muna
  1745 | D        | Noticed an orc high priest
  1748 | D        | Noticed an orc knight
  1748 | D        | Noticed an orc knight
  1749 | D        | Reached skill level 1 in Evocations
  1750 | D        | Noticed an orc knight
  1751 | D        | Killed an orc high priest
  1751 | D        | Identified Meirruv's Grimoire of Congealing Orientation
                  | (Sif Muna gifted it to you in the Dungeon)
  1751 | D        | Received a gift from Sif Muna
  1751 | D        | Reached ****** piety under Sif Muna
  1752 | D        | Reached skill level 20 in Spellcasting
  1754 | D        | Killed an orc knight
  1755 | D        | Killed an orc knight
  1755 | D        | Killed an orc knight
  1755 | D        | Received a gift from Sif Muna
  1876 | D        | Found Foleydis's Antique Weapon Emporium.
  1944 | D        | Noticed a deep elf pyromancer
  1944 | D        | Noticed a deep elf knight
  1944 | D        | Noticed a deep elf knight
  1944 | D        | Noticed a deep elf knight
  1944 | D        | Noticed a deep elf knight
  2003 | D        | Killed a deep elf knight
  2003 | D        | Killed a deep elf knight
  2004 | D        | Reached skill level 21 in Spellcasting
  2004 | D        | Reached XP level 11. HP: 55/55 MP: 21/38
  2006 | D        | Killed a deep elf knight
  2009 | D        | Killed a deep elf knight
  2009 | D        | Killed a deep elf pyromancer
  2010 | D        | Reached skill level 22 in Spellcasting
  2156 | D        | Learned a level 8 spell: Lehudib's Crystal Spear
  2163 | D        | Noticed a deep elf high priest
  2165 | D        | Killed a deep elf high priest
  2166 | D        | Noticed a deep elf death mage
  2169 | D        | Killed a deep elf death mage
  2169 | D        | Received a gift from Sif Muna
  2169 | D        | Noticed a deep elf annihilator
  2169 | D        | Noticed a deep elf annihilator
  2170 | D        | Killed a deep elf zephyrmancer
  2172 | D        | Killed a deep elf annihilator
  2173 | D        | Reached skill level 23 in Spellcasting
  2317 | D        | Noticed a deep elf blademaster
  2353 | D        | Identified the +0 robe of Integrity {rN++ Int+5} (You took
                  | it off a deep elf zephyrmancer in the Dungeon)
  2355 | D        | Found the ring of the Octopus King {rF+ AC+1 EV+1 Str+1
                  | Int+1 Dex+1}
  2355 | D        | Noticed a deep elf annihilator
  2359 | D        | Killed a deep elf annihilator
  2506 | D        | Killed a deep elf annihilator
  2576 | D        | Learned a level 6 spell: Iron Shot
  2587 | D        | Killed a deep elf blademaster
  2588 | D        | Reached skill level 24 in Spellcasting
  2588 | D        | Reached XP level 12. HP: 60/60 MP: 6/42
  2753 | D        | Identified Oguzy's Collected Works on the Birds and
                  | Companions
  2756 | D        | Identified Gassur's Tome of Supportive Moulding
  2760 | D        | Identified the +8 shortbow "Innitt" {freeze, Int+5}
  2811 | D        | Learned a level 9 spell: Shatter
  2877 | D        | Noticed Sigmund
  2877 | D        | Noticed Edmund
  2883 | D        | Killed Sigmund
  2883 | D        | Killed Edmund
  2883 | D        | Identified Qepsarak's Volume of Attacks and Malediction
                  | (Sif Muna gifted it to you in the Dungeon)
  2883 | D        | Received a gift from Sif Muna
  3008 | D        | Reached skill level 25 in Spellcasting
  3144 | D        | Received a gift from Sif Muna
  3229 | D        | Noticed Rupert
  3232 | D        | Killed Rupert
  3233 | D        | Reached skill level 5 in Conjurations
  3328 | D        | Noticed a death yak
  3329 | D        | Noticed a death yak
  3330 | D        | Noticed a death yak
  3331 | D        | Killed a death yak
  3331 | D        | Noticed a death yak
  3333 | D        | Killed a death yak
  3334 | D        | Reached skill level 26 in Spellcasting
  3335 | D        | Killed a death yak
  3336 | D        | Reached XP level 13. HP: 64/64 MP: 9/45
  3339 | D        | Identified Sif Muna's Tome of Gliding Stolen Souls (Sif
                  | Muna gifted it to you in the Dungeon)
  3339 | D        | Received a gift from Sif Muna
  3508 | D        | Noticed an azure jelly
  3508 | D        | Noticed an azure jelly
  3552 | D        | Noticed Polyphemus
  3561 | D        | Slain by Polyphemus

Illustrated notes

Levels and vault maps discovered:
D:        dungeon_sprint_mu [sprint_mu_entry_forest, sprint_mu_temple_rooms,
          sprint_mu_d1_horrors, sprint_mu_d2_genie, sprint_mu_d3_branching,
          sprint_mu_orc_legion, sprint_mu_elf_gauntlet, sprint_mu_hive_nellie,
          sprint_mu_lair_fedhas, sprint_mu_vaults_butterflies,
          sprint_mu_slime_circle, sprint_mu_shoals_archi,
          sprint_mu_snake_twists, sprint_mu_blade_basic,
          sprint_mu_crypt_fortress, sprint_mu_tomb_spiral,
          sprint_mu_vestibule_basic, sprint_mu_gehenna_hellfire,
          sprint_mu_dis_giant, sprint_mu_tartarus_statrot,
          sprint_mu_cocytus_islands, sprint_mu_zot1]

Skill      XL: |  1  2  3  4  5  6  7  8  9 10 11 12 |
---------------+-------------------------------------+-----
Dodging        | 4 5 6 7 |  7.1
Stealth        | 3 4 5 6 |  6.0
Spellcasting   | 4 6 7 12 13 16 18 21 24 26 | 26.5
Earth Magic    | 5 7 8 11 13 14 16 19 21 23 | 23.4
Transmutations | 2 3 |  3.4
Invocations    | 1 2 4 |  4.7
Conjurations   | 1 2 3 5 |  5.9
Evocations     | 1 2 |  2.6
Fighting       | |  0.6

Action                   |  1- 3 |  4- 6 |  7- 9 | 10-12 | 13-15 || total
-------------------------+-------+-------+-------+-------+-------++-------
Melee: Unarmed           |       |       |       |     1 |       ||     1
 Cast: Sandblast         |     7 |     6 |       |     5 |     2 ||    20
       Passwall          |     1 |       |       |       |       ||     1
       Stone Arrow       |       |     1 |     9 |     3 |       ||    13
       Lee's Rapid Decon |       |     3 |    30 |    63 |     8 ||   104
       Petrify           |       |       |     1 |       |     1 ||     2
       Statue Form       |       |       |       |     2 |       ||     2
       Iron Shot         |       |       |       |    11 |       ||    11
       Lehudib's Crystal |       |       |       |     1 |       ||     1
Invok: Channel Magic     |       |       |     1 |     3 |       ||     4
Evoke: Phial of floods   |       |       |       |     2 |       ||     2
       Wand              |       |       |       |       |     1 ||     1
  Use: Potion            |       |       |       |     2 |       ||     2
Armor: Robe              |     1 |       |     1 |     1 |       ||     3
       Skin              |       |       |       |     1 |       ||     1
Dodge: Dodged            |       |     1 |     4 |    19 |       ||    24

Table legend: (Time is in decaauts)
 A = Elapsed time spent in this place.
 B = Non-inter-level travel time spent in this place.
 C = Inter-level travel time spent in this place.
 D = Time resting spent in this place.
 E = Time spent auto-exploring this place.
 F = Levels seen in this place.
 G = Mean time per level.
                   A        B        C        D        E       F      G
               +--------+--------+--------+--------+--------+-----+--------+
         Total |   3642 |   3642 |      0 |   2717 |      1 |   1 | 3642.0 |
       Dungeon |   3642 |   3642 |      0 |   2717 |      1 |   1 | 3642.0 |
               +--------+--------+--------+--------+--------+-----+--------+

Top non-repeatable levels by time:
       D: 3642 daAuts
